 Dungeon Crawl Stone Soup version 0.16.2-12-gd0ad4c3 (webtiles) character file.

34 gorblad the Skirmisher (level 3, 0/27 HPs)
             Began as a Demonspawn Abyssal Knight on Sept 14, 2015.
             Was a Follower of Lugonu.
             Slain by a jackal (2 damage)
             ... on level 2 of the Dungeon.
             The game lasted 00:03:25 (826 turns).

gorblad the Skirmisher (Demonspawn Abyssal Knight)   Turns: 826, Time: 00:03:25

Health: 0/27       AC:  7    Str: 12    XL:     3   Next: 14%
Magic:  5/5        EV: 10    Int: 13    God:    Lugonu [*.....]
Gold:   16         SH:  0    Dex: 13    Spells: 0 memorised, 2 levels left

rFire  + . .     SeeInvis .     a - +2 falchion
rCold  . . .     Clarity  .     h - +0 ring mail
rNeg   . . .     SustAb   .     (no shield)
rPois  .         Gourm    .     (no helmet)
rElec  .         Spirit   .     (no cloak)
rCorr  .         Warding  .     (no gloves)
rMut   .         Stasis   .     (no boots)
MR     .....                    (no amulet)
Stlth  +.........               (no ring)
                                (no ring)

@: not resistant to hostile enchantments, very unstealthy
A: slimy green scales 1, fire resistance 1, frail 1, screaming 1, rot immunity
a: Depart the Abyss, Renounce Religion


You were on level 2 of the Dungeon.
You worshipped Lugonu.
Lugonu was aware of your devotion.
You were not hungry.

You visited 1 branch of the dungeon, and saw 2 of its levels.
You visited the Abyss 1 time.

You collected 16 gold pieces.

Inventory:

Hand weapons
 a - a +2 falchion (weapon)
Armour
 b - a +0 leather armour
 h - a +0 ring mail (worn)
Scrolls
 e - a scroll of enchant weapon
 j - a scroll of amnesia
Comestibles
 c - 2 bread rations
 f - a meat ration
 i - 2 chunks of flesh


   Skills:
 + Level 3.7 Fighting
 + Level 2.0 Long Blades
 + Level 1.8 Armour
 + Level 1.1 Dodging
 + Level 3.1 Invocations


You had 2 spell levels left.
You didn't know any spells.

Dungeon Overview and Level Annotations

Branches:
Dungeon (2/15)

Altars:


Innate Abilities, Weirdness & Mutations

You are partially covered in slimy green scales (AC +2).
You are immune to rotting.
Your flesh is heat resistant.
You are frail (-10% HP).
You occasionally shout uncontrollably at your foes.


Message History

* * * LOW HITPOINT WARNING * * *
The giant cockroach bites you.
* * * LOW HITPOINT WARNING * * *
The jackal barely misses you. x2
Read which item? (? for menu, Esc to quit)
As you read the scroll labeled OGOS UMMOAMY, it crumbles to dust.
It is a scroll of enchant weapon.
Enchant which weapon? (? for menu, Esc to quit)
Your +1 falchion glows red for a moment.
The giant cockroach bites you but does no damage.
The jackal bites you but does no damage. x2
The giant cockroach closely misses you.
Read which item? (? for menu, Esc to quit)
As you read the scroll labeled BIKOYCR THOROM, it crumbles to dust.
It is a scroll of identify.
Identify which item? (\ to view known items) (? for menu, Esc to quit)
j - a scroll of amnesia The jackal bites you but does no damage.
The jackal bites you.
You die...

. ..#..# ...
#.#..#
#..##.#..#
##.......###.#
##.......<....#
#.##......#####
#........#
#.#..s..##
##.h@## ##h##
#. !. ##. #. ..
.. #


You could see 2 jackals and a giant cockroach.

Vanquished Creatures
  A giant gecko (D:1)
  A giant cockroach (D:1)
  2 goblins (D:1)
  7 hobgoblins
  4 jackals
  2 kobolds
  5 bats (D:1)
  A giant newt (D:1)
  4 rats (D:1)
27 creatures vanquished.

Notes
Turn   | Place    | Note
--------------------------------------------------------------
     0 | Abyss:1  | gorblad, the Demonspawn Abyssal Knight, began the quest for the Orb.
     0 | Abyss:1  | Reached XP level 1. HP: 18/18 MP: 1/1
     0 | D:1      | Escaped the Abyss
   103 | D:1      | Gained mutation: You are immune to rotting. [demonic ancestry]
   103 | D:1      | Reached XP level 2. HP: 21/24 MP: 2/2
   167 | D:1      | Acquired Lugonu's first power
   185 | D:1      | Reached skill level 1 in Dodging
   722 | D:1      | Gained mutation: You are partially covered in slimy green scales (AC +2). [demonic ancestry]
   722 | D:1      | Reached XP level 3. HP: 24/29 MP: 5/5
   821 | D:2      | Gained mutation: Your flesh is heat resistant. [potion of mutation]
   821 | D:2      | Gained mutation: You are frail (-10% HP). [potion of mutation]
   821 | D:2      | Gained mutation: You occasionally shout uncontrollably at your foes. [potion of mutation]
   826 | D:2      | Slain by a jackal

Action                   || total
-------------------------++-------
Melee: Falchion          ||    97
Invok: Depart the Abyss  ||     1
  Use: Scroll            ||     2
       Potion            ||     1
